AoeStats
← | Lucky Luke |

African Clearing

505725544Analyzed
4v4 RM · 20d ago on Sep 10, 2026· 46m 28s· 8 players
Game mode
Random Map
Map size
Large (8 player)
Population
200
Speed
Normal
Resources
Standard
Victory
Conquest
Starting age
Dark Age
Ending age
Imperial Age
RankedLock teamsTeams togetherTeam positionsShared explorationLock speedFull tech treeHidden civsTurbo modeCheats
Victory
Defeat
🇩🇪 Japanese · Germany
1218
+11
🇩🇪 Georgians · Germany
1138
+14
🇩🇪 Koreans · Germany
1059
+17
🇩🇪 Bohemians · Germany
980
+21
🇨🇦 Huns · Canada
1145
-18
🇦🇹 Goths · Austria
1096
-16
🇩🇪 Italians · Germany
1066
-15
🇫🇷 Byzantines · France
1040
-14
xXTOUROXx
4:23 Loom
18:35 Feudal Age
19:03 Town Watch
20:23 Stone Mining
20:27 Gold Mining
23:23 Castle Age
21:24 Double-Bit Axe
24:10 Fletching
24:54 Bow Saw
25:23 Stone Shaft Mining
25:20 Bodkin Arrow
26:40 Wheelbarrow
27:19 Fishing Lines
36:22 Imperial Age
33:58 Padded Archer Armor
35:20 Ballistics
35:25 Gillnets
35:31 Gillnets
38:09 Chemistry
37:28 Bracer
38:10 Conscription
37:44 Elite Genoese Crossbowman
39:08 Leather Archer Armor
46:32 Ring Archer Armor
[OIDA] NoTradeBeforeImp
3:15 Loom
13:27 Feudal Age
18:48 Castle Age
17:16 Town Watch
17:36 Gold Mining
17:39 Stone Mining
19:20 Fletching
40:45 Horse Collar
41:27 Double-Bit Axe
42:26 Heavy Plow
43:49 Bow Saw
45:19 Wheelbarrow
46:14 Scale Mail Armor
46:25 Forging
46:20 Squires
Pegasus75
8:25 Loom
16:07 Feudal Age
20:06 Castle Age
18:42 Double-Bit Axe
20:57 Wheelbarrow
25:24 Elite Skirmisher
26:13 Horse Collar
27:54 Pikeman
29:03 Crossbowman
29:59 Heavy Plow
30:51 Gold Mining
31:16 Man-at-Arms
31:52 Long Swordsman
34:00 Hand Cart
38:33 Imperial Age
40:23 Conscription
39:35 Halberdier
39:45 Arbalester
40:31 Thumb Ring
41:49 Gold Shaft Mining
41:50 Forging
41:40 Scale Mail Armor
41:31 Fletching
41:42 Padded Archer Armor
41:47 Scale Barding Armor
45:48 Bow Saw
46:48 Iron Casting
46:29 Chain Mail Armor
46:37 Squires
46:23 Gambesons
p0psicle
3:15 Loom
12:41 Feudal Age
18:12 Castle Age
16:44 Fletching
17:29 Padded Archer Armor
18:42 Gold Mining
18:38 Double-Bit Axe
19:41 Bow Saw
29:43 Bodkin Arrow
31:02 Bloodlines
32:11 Gold Shaft Mining
40:55 Imperial Age
39:06 Wheelbarrow
38:17 Town Watch
38:51 Leather Archer Armor
39:57 Ballistics
41:59 Bracer
45:58 Scale Barding Armor
46:04 Forging
roran211
10:43 Loom
13:31 Feudal Age
14:24 Double-Bit Axe
16:23 Fletching
24:12 Castle Age
23:09 Scale Barding Armor
24:30 Forging
31:48 Chain Barding Armor
32:37 Bloodlines
42:23 Wheelbarrow
46:29 Imperial Age
420_BUSSYGARGLER_420
5:28 Loom
16:31 Feudal Age
20:15 Castle Age
20:38 Double-Bit Axe
22:57 Wheelbarrow
24:46 Bow Saw
24:18 Horse Collar
25:27 Fervor
26:47 Heavy Plow
28:17 Hand Cart
31:32 Wagenburg Tactics
36:49 Imperial Age
37:19 Squires
36:40 Pikeman
38:33 Chemistry
38:07 Halberdier
39:25 Conscription
42:35 Houfnice
| Lucky Luke |
9:11 Loom
14:08 Feudal Age
20:46 Castle Age
19:07 Double-Bit Axe
19:14 Horse Collar
20:12 Stone Mining
21:04 Elite Skirmisher
30:08 Wheelbarrow
30:14 Pikeman
33:25 Fletching
33:32 Gold Mining
39:56 Imperial Age
37:41 Bow Saw
39:14 Scale Mail Armor
39:25 Forging
39:11 Bodkin Arrow
41:38 Chemistry
40:46 Capped Ram
42:03 Halberdier
45:27 Conscription
46:07 Ballistics
IWishIWasAFlower
10:16 Loom
12:01 Feudal Age
18:04 Castle Age
16:20 Double-Bit Axe
23:05 Fletching
26:40 Bodkin Arrow
27:14 Ballistics
27:57 Guard Tower
29:57 Elite Skirmisher
31:56 Padded Archer Armor
34:24 Yasama
40:52 Imperial Age
39:34 Pikeman
40:17 Scale Mail Armor
41:35 Chain Mail Armor
41:39 Bracer
44:02 Halberdier
45:50 Leather Archer Armor
46:06 Plate Mail Armor
Connection lost

Rejoining the realm…

Still unreachable

The connection could not be restored.

Session expired

The server has moved on; the page needs a fresh start.